 Dungeon Crawl Stone Soup version 0.22.1-2-g9c5b331 (webtiles) character file.

332 Gearfox the Chopper (level 6, -7/52 HPs)
             Began as a Draconian Fighter on Nov 27, 2018.
             Was an Initiate of Dithmenos.
             Killed by divine providence
             ... invoked by an orc priest
              (13 damage)
             ... on level 4 of the Dungeon.
             The game lasted 00:21:06 (4868 turns).

Gearfox the Chopper (Draconian Fighter)             Turns: 4868, Time: 00:21:07

Health: -7/52      AC:  6    Str: 21    XL:     6   Next: 26%
Magic:  6/6        EV: 12    Int:  8    God:    Dithmenos [......]
Gold:   113        SH:  6    Dex: 10    Spells: 5/5 levels left

rFire    + . .     SeeInvis .   a - +0 war axe
rCold    . . .     Gourm    .   h - +2 buckler
rNeg     . . .     Faith    .   (armour unavailable)
rPois    .         Spirit   .   (helmet restricted)
rElec    .         Reflect  .   (no cloak)
rCorr    .         Harm     .   (no gloves)
MR       .....                  (no boots)
Stlth    +.........             (no amulet)
HPRegen  0.17/turn              f - ring of protection from fire
MPRegen  0.10/turn              (no ring)

@: no status effects
A: unfitting armour, cold-blooded, AC +6
a: Renounce Religion


You were on level 4 of the Dungeon.
You worshipped Dithmenos.
Dithmenos was noncommittal.
You were not hungry.

You visited 1 branch of the dungeon, and saw 4 of its levels.
You also visited: Sewer.

You collected 113 gold pieces.

Inventory:

Hand Weapons
 a - a +0 war axe (weapon)
 g - a +1 mace of protection
Armour
 b - a +0 shield
 h - a +2 buckler (worn)
Jewellery
 f - a ring of protection from fire (left hand)
Wands
 c - a wand of random effects (14)
Scrolls
 i - a scroll of amnesia
 j - 4 scrolls of teleportation
 m - 5 scrolls of remove curse
Potions
 e - 2 potions of might
 k - 4 potions of heal wounds
 l - 2 potions of brilliance
 n - a potion of magic
Comestibles
 d - 8 rations
 o - 12 chunks of flesh


   Skills:
 - Level 4.0 Fighting
 * Level 5.7 Axes
 - Level 2.6 Dodging
 - Level 0.2 Stealth
 - Level 4.0 Shields


You had 5 spell levels left.
You didn't know any spells.
Your spell library was empty.

Dungeon Overview and Level Annotations

Branches:
Dungeon (4/15)
 Temple: D:4-7

Altars:
Ashenzari
Dithmenos
Zin


Innate Abilities, Weirdness & Mutations

Your plain brown scales are hard. (AC +6)
You cannot fit into any form of body armour.
You are cold-blooded and may be slowed by cold attacks.


Message History

The orc priest miscasts a cantrip.
The orc priest calls down the wrath of Beogh upon you.
Beogh smites you!
You closely miss the orc priest.
You tail-slap the orc priest, but do no damage.
You hit the orc priest.
The orc priest is moderately wounded.
You hit the orc priest. The orc priest hits you.
The orc priest barely misses you.
The orc priest invokes the aid of Beogh against you.
Beogh smites you!
You barely miss the orc priest.
Your tail-slap misses the orc priest.
The orc priest is moderately wounded.
You hit the orc priest.
The orc priest invokes the aid of Beogh against you.
Beogh smites you!
* * * LOW HITPOINT WARNING * * *
The orc priest calls down the wrath of Beogh upon you.
Beogh smites you!
You die...

#.#
#.#####.....(.##.#..
#.#
#.........#...##.###
#.#
#######........#.#
#.. #......###.####
### #.............#
#.....##.....(#
#.....##......#
#....>##......#
#..@o.##......#
#.#o#.#########
#.#.#.####
#.#......#
.#.#+#.#......#
...o..........#
..o...........#
..............#
.........#+####


You could see 2 orc priests.

Vanquished Creatures
  A quasit (D:3)
  Natasha (thrice) (D:2)
  9 adders
  A river rat (D:3)
  3 oozes
  6 worms
  4 dart slugs
  2 leopard geckos (D:3)
  5 goblins
  13 hobgoblins
  14 jackals
  9 kobolds
  A quokka (D:2)
  2 ball pythons
  8 bats
  9 frilled lizards
  14 rats
  2 plants (Sewer)
106 creatures vanquished.

Notes
Turn   | Place    | Note
-------+----------+-------------------------------------------
     0 | D:1      | Gearfox the Draconian Fighter began the quest for the Orb.
     0 | D:1      | Reached XP level 1. HP: 19/19 MP: 1/1
   322 | D:1      | Reached XP level 2. HP: 26/26 MP: 2/2
   326 | D:1      | Reached skill level 3 in Axes
   720 | D:1      | Found a shattered altar of Ashenzari.
  1139 | D:2      | Reached XP level 3. HP: 33/33 MP: 3/3
  1777 | D:2      | Noticed Natasha
  1788 | D:2      | Killed Natasha
  1788 | D:2      | Reached XP level 4. HP: 13/40 MP: 4/4
  2100 | D:2      | Noticed Natasha
  2113 | D:2      | Killed Natasha
  2369 | D:2      | Noticed Natasha
  2385 | D:2      | Killed Natasha
  2385 | D:2      | Reached XP level 5. HP: 20/46 MP: 5/5
  2577 | D:3      | Reached skill level 4 in Axes
  2807 | D:3      | Found a glowing drain.
  2849 | Sewer    | Entered a sewer
  3180 | Sewer    | Reached skill level 5 in Axes
  4256 | D:3      | Found a glowing silver altar of Zin.
  4256 | D:3      | Found a shadowy altar of Dithmenos.
  4262 | D:3      | Became a worshipper of Dithmenos the Shadowed
  4335 | D:3      | Reached XP level 6. HP: 43/52 MP: 6/6
  4868 | D:4      | Killed from afar by an orc priest

Skill      XL: |  1  2  3  4  5 |
---------------+----------------+-----
Axes           | 3 5 |  5.7
Fighting       | 4 |  4.0
Shields        | 4 |  4.0
Dodging        | |  2.6
Stealth        | |  0.2

Action                   |  1- 3 |  4- 6 || total
-------------------------+-------+-------++-------
Melee: War axe           |    74 |   307 ||   381
       Tailslap          |    16 |    30 ||    46
       Dagger            |    97 |       ||    97
Evoke: Wand              |       |     1 ||     1
  Use: Scroll            |     5 |     5 ||    10
       Potion            |     1 |       ||     1
 Stab: Sleeping          |     1 |       ||     1
  Eat: Chunk             |     3 |    11 ||    14
Armor: Skin              |    43 |    87 ||   130
Dodge: Dodged            |    73 |   151 ||   224
Block: Shield            |    72 |       ||    72
       Buckler           |    16 |    98 ||   114
